 Dungeon Crawl Stone Soup version 0.30-a0-168-g0b976cbdc4 (webtiles) character file.

Game seed: 16865345994865168556

53 juncz the Chiller (level 3, -1/19 HPs)
             Began as a Gargoyle Ice Elementalist on Sept 29, 2022.
             Slain by a white imp (4 damage)
             ... summoned by Natasha
             ... on level 3 of the Dungeon.
             The game lasted 00:06:00 (3049 turns).

juncz the Chiller (Gargoyle Ice Elementalist)       Turns: 3049, Time: 00:06:01

Health: -1/19      AC:  7    Str: 11    XL:     3   Next: 89%
Magic:  2/7        EV: 11    Int: 17    God:
Gold:   54         SH:  0    Dex: 10    Spells: 1/8 levels left

rFire   . . .      SeeInvis .    d - +0 whip
rCold   . . .      Faith    .    (no shield)
rNeg    + + .      Spirit   .    a - +0 robe
rPois   ∞          Reflect  .    (no helmet)
rElec   +          Harm     .    (no cloak)
rCorr   .          Rampage  .    j - +0 pair of gloves
Will    .....                    k - +0 pair of boots
Stlth   ++........               i - amulet of regeneration
HPRegen 0.86/turn                l - ring of positive energy
MPRegen 0.10/turn                (no ring)

@: freezing walls
A: sickness immunity, AC +3, negative energy resistance 1, electricity
resistance, torment resistance 1, petrification resistance
a: no special abilities


You were on level 3 of the Dungeon.
You visited 1 branch of the dungeon, and saw 3 of its levels.

You collected 144 gold pieces.
You spent 90 gold pieces at shops.

Inventory:

Hand Weapons
 d - a +0 whip (weapon)
Armour
 a - a +0 robe (worn)
 j - a +0 pair of gloves (worn)
 k - a +0 pair of boots (worn)
Magical Staves
 h - a staff of death
Jewellery
 i - an amulet of regeneration (around neck)
 l - a ring of positive energy (left hand)
 m - an amulet of magic regeneration
Scrolls
 c - 2 scrolls of teleportation
 g - 4 scrolls of identify {unknown}
 n - a scroll of summoning {unknown}
 p - a scroll of silence {unknown}
Potions
 b - a potion of magic
 e - a potion of curing {unknown}
 f - a potion of heal wounds {unknown}
 o - 2 potions of lignification {unknown}


   Skills:
 - Level 1.5 Dodging
 - Level 2.2 Stealth
 + Level 3.0 Spellcasting
 + Level 4.7 Ice Magic


You had one spell level left.
You knew the following spells:

 Your Spells              Type           Power      Damage    Failure   Level
a - Freeze                Ice            72%        1d9       2%          1
b - Frozen Ramparts       Ice            36%        1d6       8%          3
c - Ozocubu's Armour      Ice            18%        N/A       8%          3

Your spell library contained the following spells:

 Spells                   Type           Power      Damage    Failure   Level
 Ignite Poison            Fire/Tmut/Pois 2%         N/A       45%         3
 Kindle Blastsparks       Fire/Tloc/Air  4%         2d10      45%         3
 Mephitic Cloud           Conj/Pois/Air  2%         N/A       45%         3
 Summon Ice Beast         Ice/Summ       10%        N/A       54%         4
 Freezing Cloud           Conj/Ice/Air   3%         6-21      94%         5


Dungeon Overview and Level Annotations

Branches:
Dungeon (3/15)

Altars:

Shops:
D:1 *   D:2 [

Annotations:
D:3 Natasha


Innate Abilities, Weirdness & Mutations

You are immune to sickness and miasma.
Your stone body is resilient. (AC +3)
You are immune to poison.
You resist negative energy. (rN+)
You are resistant to electric shocks. (rElec)
You are resistant to unholy torment.
You are immune to petrification.


Message History

You open the door.
There is an open door here.
Found a stone staircase leading up.
Natasha, Servant of Life and Death comes into view.
Natasha hisses angrily.
Natasha stares at you and mumbles some strange words.
The magic dart hits you.
Casting: Freeze (safe; 2% risk of failure)
Confirm with . or Enter, or press ? or * to list all spells.
Casting: Frozen Ramparts (extremely dangerous; 8% risk of failure)
Press: ? - help, Dir - look around, f - activate The walls around you are covered in ice.
The wall freezes Natasha.
Natasha casts a spell.
Casting: Frozen Ramparts (extremely dangerous; 8% risk of failure)
Confirm with . or Enter, or press ? or * to list all spells.
Aiming: Freeze (safe; 2% risk of failure)
Press: ? - help, Shift-Dir - straight line, f - white imp
Aim: a white imp (summoned)
You freeze the white imp.
The white imp resists.
The white imp is lightly wounded.
The wall freezes Natasha but does no damage.
Natasha claws you!
The wall freezes the white imp but does no damage.
The white imp gestures at you. The puff of frost hits you.
* * * LOW HITPOINT WARNING * * *
Casting: Freeze (safe; 2% risk of failure)
Confirm with . or Enter, or press ? or * to list all spells.
Aiming: Freeze (safe; 2% risk of failure)
Press: ? - help, Shift-Dir - straight line, f/p - white imp
Aim: a white imp (lightly wounded, summoned)
You freeze the white imp but do no damage.
The white imp completely resists.
The wall freezes Natasha.
Natasha claws you but does no damage.
The wall freezes the white imp but does no damage.
The white imp hits you.
* * * LOW HITPOINT WARNING * * *
The white imp freezes you.
You die...

#.#....+....#.....
#.#....###........
#.#.###...#.......
#.#.# >#.#.###...
######.#.#
.#.)...#.##
#......#.#
.###.......
#.##<..#.. ..
###.#.##
###5####### #.#...
#..@......# #.####
#.#h#####.# #.#<..
...#.# #.#... #...
#.# #.#... #...
#.# #.#... #.. #.#
#.#... #.. #.#
#..... #.# #.#.#.
###.#.


You could see Natasha and a white imp (summoned).

Vanquished Creatures
  A worm (D:2)
  3 orcs (D:2)
  A bat (D:1)
  3 endoplasms
  A giant cockroach (D:3)
  10 goblins
  7 hobgoblins
  3 jackals (D:2)
  5 ball pythons
  2 frilled lizards
  2 kobolds (D:1)
  4 rats
42 creatures vanquished.

Notes
Turn   | Place    | Note
-------+----------+-------------------------------------------
     0 | D:1      | juncz the Gargoyle Ice Elementalist began the quest for the
                  | Orb.
     0 | D:1      | Reached XP level 1. HP: 10/10 MP: 3/3
    60 | D:1      | Found Opukair's Assorted Antiques.
   367 | D:1      | Reached XP level 2. HP: 15/15 MP: 1/5
   824 | D:1      | Found a faded altar of an unknown god.
  1714 | D:2      | Reached XP level 3. HP: 18/19 MP: 2/6
  1718 | D:2      | Learned a level 3 spell: Frozen Ramparts
  1722 | D:2      | Learned a level 3 spell: Ozocubu's Armour
  2360 | D:2      | Found Tilutef's Armour Shop.
  2364 | D:2      | Bought a +0 pair of gloves for 45 gold pieces
  2364 | D:2      | Bought a +0 pair of boots for 45 gold pieces
  3043 | D:3      | Noticed Natasha
  3049 | D:3      | Slain by a white imp

Illustrated notes

Levels and vault maps discovered:
D:1:      arrival_zaba_pyramid, layout_basic, serial_shops,
          nicolae_shop_overgrown_old_shop, basic_ecumenical_altar
D:2:      layout_basic, serial_shops, shop, guppyfry_early_orc_mine
D:3:      layout_basic, serial_undead, serial_undead_b, serial_undead_f,
          serial_undead_e, serial_undead_d, uniq_natasha

Skill      XL: |  1  2  3 |
---------------+----------+-----
Spellcasting   | 3 |  3.0
Dodging        | |  1.5
Stealth        | |  2.2
Ice Magic      | |  4.7

Action                   || total
-------------------------++-------
Melee: Whip              ||     7
Throw: Stone             ||     9
 Cast: Freeze            ||    51
       Frozen Ramparts   ||     3
       Ozocubu's Armour  ||     1
  Use: Scroll            ||     1
Armor: Robe              ||    11
Dodge: Dodged            ||    15

Table legend: (Time is in decaauts)
 A = Elapsed time spent in this place.
 B = Non-inter-level travel time spent in this place.
 C = Inter-level travel time spent in this place.
 D = Time resting spent in this place.
 E = Time spent auto-exploring this place.
 F = Levels seen in this place.
 G = Mean time per level.
                   A        B        C        D        E       F      G
               +--------+--------+--------+--------+--------+-----+--------+
         Total |   3049 |   3002 |     47 |    340 |   2346 |   3 | 1016.3 |
       Dungeon |   3049 |   3002 |     47 |    340 |   2346 |   3 | 1016.3 |
               +--------+--------+--------+--------+--------+-----+--------+

Top non-repeatable levels by time:
     D:1: 1594 daAuts
     D:2: 1345 daAuts
     D:3: 108 daAuts
